 Dungeon Crawl Stone Soup version 0.26-a0-597-gb535b0901c (webtiles) character file.

Game seed: 6635968223426693498

190761 HoaS the Warrior (level 19, -1/163 HPs)
             Began as a Formicid Fighter on Aug 28, 2020.
             Was the Champion of Makhleb.
             Slain by a spriggan rider
             ... wielding a +0 spear
              (3 damage)
             ... on level 4 of the Swamp.
             The game lasted 01:12:07 (27454 turns).

HoaS the Warrior (Formicid Fighter)                Turns: 27454, Time: 01:12:07

Health: -1/163     AC: 29    Str: 32    XL:     19   Next: 33%
Magic:  19/19      EV: 13    Int: 20    God:    Makhleb [******]
Gold:   2699       SH: 19    Dex: 10    Spells: 18/18 levels left

rFire    . . .     SeeInvis +   w - +11 lajatang of World Downfall {speed, Int+5 Stlth+}
rCold    . . .     Faith    .   c - +0 kite shield
rNeg     + . .     Spirit   .   e - +2 plate armour
rPois    .         Reflect  +   (helmet unavailable)
rElec    .         Harm     .   z - +1 cloak
rCorr    .                      h - +1 pair of gloves of Wonder {Str+4}
MR       +....                  F - +2 pair of boots
Stlth    ..........             x - amulet of reflection
HPRegen  0.37/turn              D - ring of Nenwuuh {+Blink rN+ Int+6 Slay+3 Stlth+}
MPRegen  0.16/turn              Q - +4 ring of evasion

@: studying Dodging, very slow
A: permanent stasis, dig shafts and tunnels, four strong arms, antennae 3
a: Dig, Shaft Self, Minor Destruction, Lesser Servant of Makhleb, Major
Destruction, Greater Servant of Makhleb, Renounce Religion


You were on level 4 of the Swamp.
You worshipped Makhleb.
Makhleb was exalted by your worship.
You visited 5 branches of the dungeon, and saw 28 of its levels.
You also visited: Bailey.

You collected 3031 gold pieces.
You spent 332 gold pieces at shops.

Inventory:

Hand Weapons
 q - a +2 quarterstaff
 w - the +11 lajatang of World Downfall (weapon) {speed, Int+5 Stlth+}
   (You found it on level 6 of the Lair of Beasts)

   Attacks with this weapon are significantly faster.
   It affects your intelligence (+5).
   It makes you more stealthy.
Armour
 c - a +0 kite shield (worn)
 e - a +2 plate armour (worn)
 h - the +1 pair of gloves of Wonder (worn) {Str+4}
   (You found it in a bailey)

   It affects your strength (+4).
 z - a +1 cloak (worn)
 B - a +1 pair of boots of flying
 F - a +2 pair of boots (worn)
Jewellery
 b - a +4 ring of protection
 n - an uncursed ring of ice
 p - an uncursed amulet of regeneration
 u - an uncursed ring of positive energy
 v - an uncursed ring of fire
 x - an amulet of reflection (around neck)
 D - the ring of Nenwuuh (left hand) {+Blink rN+ Int+6 Slay+3 Stlth+}
   (You found it on level 11 of the Dungeon)

   [ring of intelligence]

   It affects your intelligence (+6).
   It affects your accuracy and damage with ranged weapons and melee attacks
   (+3).
   It protects you from negative energy.
   It lets you blink.
   It makes you more stealthy.
 E - the ring "Mugutof" {rF+ rN+ Stlth+}
   (You found it on level 15 of the Dungeon)

   [ring of protection from fire]

   It protects you from fire.
   It protects you from negative energy.
   It makes you more stealthy.
 Q - a +4 ring of evasion (right hand)
Wands
 a - a wand of polymorph (28)
 d - a wand of iceblast (8)
 f - a wand of acid (20)
 y - a wand of enslavement (24)
 C - a wand of digging (6)
 I - a wand of flame (57)
 L - a wand of disintegration (43)
 M - a wand of random effects (14)
 N - a wand of paralysis (9)
Scrolls
 g - 5 scrolls of magic mapping
 j - 6 scrolls of fog
 r - 3 scrolls of fear
 J - 3 scrolls of remove curse
Potions
 i - 2 potions of mutation
 k - 10 potions of heal wounds
 l - 10 potions of stabbing
 m - 2 potions of lignification
 o - 6 potions of curing
 s - 5 potions of flight
 t - 2 potions of resistance
 A - 3 potions of ambrosia
 G - a potion of might
Books
 H - a manual of Dodging


   Skills:
 * Level 18.0 Fighting
 * Level 17.4 Staves
 * Level 18.0 Armour
 + Level 13.0 Shields


You had 18 spell levels left.
You didn't know any spells.
Your spell library contained the following spells:

 Spells                   Type           Power        Failure   Level
 Beastly Appendage        Tmut           #.....       63%         1
 Foxfire                  Conj/Fire      #...         63%         1
 Freeze                   Ice            #...         63%         1
 Shock                    Conj/Air       #...         63%         1
 Poisonous Vapours        Pois/Air       #.....       77%         2
 Searing Ray              Conj           #.....       77%         2
 Wereblood                Tmut           #.......     77%         2
 Call Canine Familiar     Summ           #.......     94%         3
 Conjure Flame            Conj/Fire      #.......     94%         3
 Frozen Ramparts          Ice            #.....       94%         3
 Ignite Poison            Fire/Tmut/Pois #.......     94%         3
 Mephitic Cloud           Conj/Pois/Air  #.......     94%         3
 Ozocubu's Armour         Ice            #.......     94%         3
 Spider Form              Tmut/Pois      #.........   94%         3
 Static Discharge         Conj/Air       #.......     94%         3
 Vampiric Draining        Necr           #.........   94%         3
 Airstrike                Air            #.........   100%        4
 Cause Fear               Hex            #.........   100%        4
 Fulminant Prism          Conj/Hex       #.........   100%        4
 Hailstorm                Conj/Ice       #.......     100%        4
 Ice Form                 Ice/Tmut       #.......     100%        4
 Petrify                  Tmut/Erth      #.......     100%        4
 Sticky Flame             Conj/Fire      #.......     100%        4
 Summon Ice Beast         Ice/Summ       #.......     100%        4
 Alistair's Intoxication  Tmut/Pois      #........    100%        5
 Blade Hands              Tmut           #.........   100%        5
 Borgnjor's Vile Clutch   Necr/Erth      #.........   100%        5
 Irradiate                Conj/Tmut      #.........   100%        5
 Lightning Bolt           Conj/Air       #.........   100%        5
 Metabolic Englaciation   Hex/Ice        #.........   100%        5
 Silence                  Hex/Air        #.........   100%        5
 Yara's Violent Unravell  Hex/Tmut       #.........   100%        5
 Death Channel            Necr           #.........   100%        6
 Eringya's Noxious Bog    Tmut/Pois      #.........   100%        6
 Freezing Cloud           Conj/Ice/Air   #.........   100%        6
 Ozocubu's Refrigeration  Ice            #.........   100%        6
 Simulacrum               Ice/Necr       #.........   100%        6
 Starburst                Conj/Fire      #.........   100%        6
 Malign Gateway           Summ/Tloc      #.........   100%        7
 Spellforged Servitor     Conj/Summ      #.........   100%        7
 Summon Hydra             Summ           #.........   100%        7
 Discord                  Hex            #.........   100%        8
 Ignition                 Fire           #.........   100%        8
 Swiftness                Air            Unusable     N/A         2

Dungeon Overview and Level Annotations

Branches:
Dungeon (15/15)            Temple (1/1) D:4            Lair (6/6) D:10
  Swamp (3/4) Lair:4       Spider (0/4) Lair:2        Slime (0/5) Lair:6
    Orc (2/2) D:12            Elf (0/3) Orc:2        Vaults (0/5) D:13
 Depths (0/5) D:15         Bailey (visited)

Altars:
Ashenzari
Cheibriados
Dithmenos
Elyvilon
Fedhas
Gozag
Hepliaklqana
Kikubaaqudgha
Makhleb
Nemelex Xobeh
Okawaru
Qazlal
Ru
Sif Muna
Trog
Uskayaw
Vehumet
Wu Jian
Xom
Yredelemnul
Zin
The Shining One

Shops:
D:5 !   D:9 :   Orc:2 *=[*

Annotations:
Swamp:3 Mara


Innate Abilities, Weirdness & Mutations

You cannot be hasted, slowed, berserked, paralysed or teleported.
You can dig through walls and to a lower floor.
Your four strong arms can wield two-handed weapons with a shield.
You have a pair of large antennae on your head. (SInv)


Message History

The tyrant leech is engulfed in spectral mist.
The tyrant leech bites you but does no damage.
The tyrant leech is engulfed in spectral mist.
The tyrant leech bites you.
* * * LOW HITPOINT WARNING * * *
The tyrant leech draws strength from your injuries!
You block the spriggan rider's attack.
The eight-headed hydra is engulfed in spectral mist.
You closely miss the tyrant leech.
The tyrant leech is almost dead.
You are engulfed in spectral mist.
* * * LOW HITPOINT WARNING * * *
The sentinel's mark upon you fades away.
You block the vampire mosquito's attack.
The alligator is engulfed in spectral mist.
The alligator dies!
Your Armour skill increases to level 18!
The spriggan rider is engulfed in spectral mist.
The spriggan rider hits you from afar with a +0 spear.
You die...

♣......≈≈≈≈.....♣♣ ..
≈≈≈.≈.♣.≈≈≈..≈.≈♣♣♣♣ ≈≈≈
≈≈≈≈≈♣≈≈≈≈≈≈≈≈≈.≈.♣ ≈§≈≈
♣.≈≈≈.≈≈≈.≈≈≈≈≈≈..≈
♣.≈.♣ ♣.≈.♣..≈≈≈≈≈≈≈≈..≈
♣§.≈♣♣.≈≈.♣♣≈...≈≈≈≈≈.≈
♣♣≈≈i.i≈t§≈≈.≈≈≈≈≈≈≈≈.≈
♣♣≈.Z§(yyt§t§≈D.§≈≈≈≈≈..
♣.≈≈§§w@wiZ○≈≈♣♣♣....≈≈.
≈.≈≈☼☼w♣wwD.≈≈.♣♣♣≈♣♣♣♣♣
♣♣.≈≈Z§♣♣y.Z≈≈.♣♣≈..≈♣♣♣
♣.≈≈≈☼Z ♣♣≈§≈≈.♣♣≈≈≈≈.≈.
..≈♣..§ ♣♣♣♣♣≈♣♣♣.≈≈≈..
≈≈ ♣≈≈§ ♣♣♣♣..≈≈≈.♣ ≈
.≈.☼{ ♣.≈≈≈≈.♣ ...≈≈
♣.≈≈≈≈♣♣ ♣≈≈≈≈≈.≈


You could see 2 alligators, an eight-headed hydra, a swamp dragon, 4 tyrant
leeches, 3 spriggan riders, a ghost crab, a spectral tyrant leech (summoned), a
spectral alligator (summoned), a spectral cane toad (summoned), a spectral swamp
dragon (summoned), a spectral spriggan rider (summoned), a swamp worm and 3
vampire mosquitoes.

Vanquished Creatures
  Frances (D:13)
  2 thorn hunters
  The ghost of Ydunniwn the Severer, a journeyman MiFi of Makhleb (Lair:4)
  Nessos (D:13)
  A minotaur (Lair:4)
  A fire dragon (Lair:6)
  The ghost of p0werm0de the Fighter, a journeyman MiFi of Gozag (D:11)
  An ogre mage (D:14)
  Harold (D:10)
  Erolcha (D:11)
  A catoblepas (Lair:3)
  A vault guard (D:13)
  13 hydras
  5 centaur warriors
  Erica (D:11)
  13 alligators
  A death yak (Lair:4)
  An orc high priest (Orc:2)
  10 two-headed ogres
  A vampire mage (D:11)
  A swamp dragon (Swamp:4)
  A deep troll (shapeshifter) (D:14)
  A lindwurm (Lair:6)
  A necromancer (D:15)
  12 deep elf magi
  A wolf spider (Lair:2)
  2 orc knights (D:15)
  7 orc sorcerers
  2 manticores
  7 slime creatures
  3 ugly things
  2 moths of wrath (Swamp:1)
  3 cyclopes
  Maurice (D:11)
  5 centaur zombies
  5 black mambas
  5 naga magi
  2 molten gargoyles (Lair:6)
  3 gargoyles
  18 cane toads
  2 kobold demonologists
  3 rime drakes
  13 komodo dragons
  A queen bee (D:10)
  9 trolls
  A jumping spider (Lair:2)
  6 hornets
  A bog body (Swamp:2)
  6 tyrant leeches
  10 blink frogs
  12 hippogriffs
  5 shadows
  3 redbacks (Lair:2)
  7 wraiths
  4 spriggans
  51 yaks
  2 vampires
  9 wyverns
  2 basilisks
  9 vampire mosquitoes
  2 steam dragons (Lair:6)
  2 wargs (Orc:1)
  14 swamp worms
  4 insubstantial wisps (Swamp:3)
  4 soldier ants
  32 water moccasins
  3 hell hounds (Lair:6)
  An acid dragon (D:14)
  6 porcupines
  3 swamp drakes
  52 orc warriors
  4 ice beasts
  6 black bears
  3 eyes of draining
  6 phantoms
  27 centaurs
  9 ogres
  11 crocodiles
  13 bullfrogs
  2 big kobolds
  A gnoll sergeant (D:11)
  A wyvern zombie (D:14)
  A wyvern skeleton (D:13)
  3 scorpions
  A troll zombie (D:12)
  33 killer bees
  11 wights
  3 electric eels (Lair:2)
  5 howler monkeys
  5 lava snakes (Lair:6)
  10 hounds
  14 jellies
  A quasit (D:12)
  2 bullfrog zombies
  20 orc priests
  11 centaur skeletons
  3 bullfrog skeletons
  A gnoll shaman (D:7)
  5 iguanas
  25 orc wizards
  17 worker ants
  7 ogre zombies (D:12)
  3 hound skeletons
  A worker ant zombie (D:7)
  15 gnolls
  28 adders
  2 shadow imps
  2 white imps
  An ufetubus (D:6)
  3 oozes
  4 worms
  A dart slug (D:1)
  4 leopard geckos
  97 orcs
  8 giant cockroaches
  7 goblins
  7 hobgoblins
  8 jackals
  2 quokkas
  2 ball pythons
  4 bats
  6 frilled lizards
  3 goblin zombies (D:12)
  A hobgoblin skeleton (D:12)
  2 hobgoblin zombies (D:12)
  16 kobolds
  2 leopard gecko skeletons
  2 orc skeletons (D:12)
  17 orc zombies (D:12)
  10 rats
  4 briar patches
942 creatures vanquished.

Vanquished Creatures (others)
  An alligator (Swamp:4)
  A hell hound (Lair:6)
  10 fungi
  19 plants
31 creatures vanquished.

Grand Total: 973 creatures vanquished

Notes
Turn   | Place    | Note
-------+----------+-------------------------------------------
     0 | D:1      | HoaS the Formicid Fighter began the quest for the Orb.
     0 | D:1      | Reached XP level 1. HP: 18/18 MP: 1/1
   132 | D:1      | Reached XP level 2. HP: 21/24 MP: 2/2
   675 | D:2      | Reached XP level 3. HP: 29/29 MP: 3/3
  1089 | D:2      | Reached XP level 4. HP: 35/35 MP: 4/4
  1466 | D:3      | Found a radiant altar of Vehumet.
  1571 | D:3      | Found a shimmering altar of Xom.
  1572 | D:3      | Found a shimmering altar of Xom.
  1573 | D:3      | Found a shimmering altar of Xom.
  1573 | D:3      | Found a shimmering altar of Xom.
  1573 | D:3      | Found a shimmering altar of Xom.
  1754 | D:3      | Reached XP level 5. HP: 32/41 MP: 5/5
  2235 | D:4      | Reached skill level 5 in Shields
  2254 | D:4      | Reached XP level 6. HP: 45/47 MP: 6/6
  2261 | D:4      | Reached skill level 5 in Staves
  2461 | D:4      | Found a staircase to the Ecumenical Temple.
  2469 | Temple   | Entered the Ecumenical Temple
  2924 | D:4      | Noticed a phantom
  2942 | D:4      | Killed a phantom
  2942 | D:4      | Reached XP level 7. HP: 41/52 MP: 7/7
  3119 | D:5      | Entered Level 5 of the Dungeon
  3200 | D:5      | Found Kuid's Distillery.
  3678 | D:5      | Reached XP level 8. HP: 57/58 MP: 8/8
  3688 | D:5      | Found a white marble altar of Elyvilon.
  4153 | D:6      | Found an opulent altar of Gozag.
  4156 | D:6      | Found a burning altar of Makhleb.
  4156 | D:6      | Found a hide-covered altar of Uskayaw.
  4156 | D:6      | Found a sparkling altar of Nemelex Xobeh.
  4156 | D:6      | Found a hazy altar of Hepliaklqana.
  4157 | D:6      | Found a shadowy altar of Dithmenos.
  4165 | D:6      | Became a worshipper of Makhleb the Destroyer
  4663 | D:6      | Found a sacrificial altar of Ru.
  4672 | D:6      | Reached XP level 9. HP: 64/64 MP: 9/9
  5422 | D:7      | Reached * piety under Makhleb
  5764 | D:7      | Reached skill level 10 in Staves
  5846 | D:8      | Found a flagged portal.
  5863 | Bailey   | Entered a bailey
  6590 | Bailey   | Reached ** piety under Makhleb
  6961 | Bailey   | Reached XP level 10. HP: 61/70 MP: 7/10
  7454 | Bailey   | Got a pair of twisted gloves
  7455 | Bailey   | Identified the +1 pair of gloves of Wonder {Str+4} (You
                  | found it in a bailey)
  7461 | Bailey   | Identified a scroll of acquirement
  7461 | Bailey   | Acquired a manual of Fighting
  7950 | D:8      | Found a glowing golden altar of the Shining One.
  7956 | D:8      | Found an ornate altar of the Wu Jian Council.
  8146 | D:8      | Found a blossoming altar of Fedhas.
  8885 | D:9      | Noticed a two-headed ogre
  9010 | D:9      | Found a glowing silver altar of Zin.
  9229 | D:9      | Found Viuwah's Book Emporium.
  9298 | D:9      | Noticed a six-headed hydra
  9320 | D:10     | Entered Level 10 of the Dungeon
  9403 | D:10     | Noticed a two-headed ogre
  9412 | D:10     | Killed a two-headed ogre
  9540 | D:10     | Reached XP level 11. HP: 74/75 MP: 11/11
  9593 | D:10     | Reached *** piety under Makhleb
  9762 | D:10     | Found a staircase to the Lair.
  9774 | D:10     | Reached skill level 5 in Fighting
  9849 | D:10     | Reached skill level 5 in Armour
 10006 | D:10     | Found a runed translucent gate.
 10006 | D:10     | Found a runed translucent gate.
 10006 | D:10     | Found a runed translucent gate.
 10016 | D:10     | Found a runed translucent door.
 10026 | D:10     | Found a runed translucent door.
 10028 | D:10     | Found the +9 staff of Olgreb {rPois∞}
 10449 | D:10     | Reached **** piety under Makhleb
 10628 | D:10     | Killed a six-headed hydra
 10634 | D:10     | Killed a two-headed ogre
 10634 | D:10     | Reached skill level 10 in Fighting
 11031 | D:9      | Reached XP level 12. HP: 97/97 MP: 12/12
 11144 | Lair:1   | Entered Level 1 of the Lair of Beasts
 11555 | Lair:1   | Noticed a five-headed hydra
 11566 | Lair:1   | Killed a five-headed hydra
 11997 | Lair:2   | Found a hole to the Spider Nest.
 12550 | Lair:2   | Reached skill level 10 in Armour
 12925 | Lair:3   | Reached XP level 13. HP: 109/113 MP: 13/13
 12957 | Lair:3   | Reached ***** piety under Makhleb
 13198 | Lair:3   | Noticed a catoblepas
 13223 | Lair:3   | Killed a catoblepas
 13943 | Lair:4   | Found a staircase to the Swamp.
 14044 | Lair:4   | Noticed a minotaur
 14044 | Lair:4   | Noticed Ydunniwn's ghost (journeyman MiFi)
 14135 | Lair:4   | Noticed a five-headed hydra
 14157 | Lair:4   | Killed a five-headed hydra
 14453 | Lair:4   | Found a runed translucent gate.
 14453 | Lair:4   | Found a runed translucent gate.
 14453 | Lair:4   | Found a runed translucent gate.
 15744 | Lair:6   | Entered Level 6 of the Lair of Beasts
 15906 | Lair:6   | Noticed a six-headed hydra
 15929 | Lair:6   | Killed a six-headed hydra
 16053 | Lair:6   | Reached XP level 14. HP: 120/120 MP: 14/14
 16281 | Lair:6   | Found a staircase to the Slime Pits.
 16568 | Lair:6   | Reached ****** piety under Makhleb
 16767 | Lair:6   | Found a large runed translucent door.
 17139 | Lair:6   | Found a large runed translucent door.
 17642 | Lair:6   | Got an ichor-stained lajatang
 17661 | Lair:6   | Identified the +11 lajatang of World Downfall {speed, Int+5
                  | Stlth+} (You found it on level 6 of the Lair of Beasts)
 17905 | D:11     | Noticed Harold
 17915 | D:10     | Killed Harold
 17915 | D:10     | Reached skill level 10 in Shields
 17922 | D:11     | Noticed Erolcha
 17925 | D:11     | Killed Erolcha
 17929 | D:11     | Reached skill level 15 in Fighting
 18003 | D:11     | Reached skill level 15 in Armour
 18023 | D:11     | Identified the Guide on Floating Attacks
 18149 | D:11     | Identified the Compendium of Conjuration
 18165 | D:11     | Noticed Maurice
 18174 | D:11     | Killed Maurice
 18180 | D:11     | Identified the Volume of Air and Fire
 18203 | D:11     | Found a shimmering blue altar of Sif Muna.
 18217 | D:11     | Reached skill level 15 in Staves
 18302 | D:11     | Identified the Guide on Companions and the Glacier
 18304 | D:11     | Identified the Collected Works on Transmigration
 18328 | D:11     | Identified the Grimoire of Venom and Attacks
 18403 | D:11     | Reached XP level 15. HP: 129/129 MP: 15/15
 18698 | D:11     | Noticed Erica
 18709 | D:11     | Killed Erica
 18836 | D:11     | Found a runed translucent gate.
 18837 | D:11     | Found a runed translucent gate.
 18842 | D:11     | Found a runed translucent gate.
 18845 | D:11     | Noticed p0werm0de's ghost (journeyman MiFi)
 18964 | D:11     | Killed p0werm0de's ghost
 18975 | D:11     | Got a glittering glass ring
 18978 | D:11     | Identified the ring of Nenwuuh {+Blink rN+ Int+6 Slay+3
                  | Stlth+} (You found it on level 11 of the Dungeon)
 19089 | D:12     | Found a staircase to the Orcish Mines.
 19821 | Orc:1    | Entered Level 1 of the Orcish Mines
 20298 | Orc:2    | Entered Level 2 of the Orcish Mines
 20569 | Orc:2    | Found Jekiskan's Jewellery Boutique.
 20569 | Orc:2    | Found Uhaangoth's Antique Armour Emporium.
 20571 | Orc:2    | Found Afod's Assorted Antiques.
 20573 | Orc:2    | Found Yjubibupt's General Store.
 20662 | Orc:2    | Bought a scroll of enchant armour for 262 gold pieces
 20886 | Orc:2    | Found a staircase to the Elven Halls.
 21571 | Lair:4   | Killed Ydunniwn's ghost
 22096 | D:13     | Reached XP level 16. HP: 138/138 MP: 16/16
 22099 | D:13     | Got a translucent plate armour
 22108 | D:13     | Found a gate to the Vaults.
 22154 | D:13     | Noticed Frances
 22166 | D:13     | Killed Frances
 22443 | D:13     | Noticed Nessos
 22449 | D:13     | Killed Nessos
 22678 | Orc:2    | Bought a scroll of identify for 70 gold pieces
 22678 | Orc:2    | Identified the +5 plate armour "Juviosh" {*Corrode rElec
                  | Regen+} (You found it on level 13 of the Dungeon)
 22976 | D:14     | Identified Sioputau's Grimoire of Poisonous Stolen Souls
 24063 | D:15     | Entered Level 15 of the Dungeon
 24141 | D:15     | Got a faintly glowing lead ring
 24904 | D:15     | Found a staircase to the Depths.
 25019 | D:15     | Identified the ring "Mugutof" {rF+ rN+ Stlth+} (You found
                  | it on level 15 of the Dungeon)
 25269 | Swamp:1  | Entered Level 1 of the Swamp
 25512 | Swamp:1  | Noticed a thorn hunter
 25529 | Swamp:1  | Killed a thorn hunter
 25729 | Swamp:1  | Reached XP level 17. HP: 147/147 MP: 17/17
 26206 | Swamp:2  | Reached XP level 18. HP: 155/155 MP: 18/18
 26207 | Swamp:2  | Reached XP level 19. HP: 162/162 MP: 19/19
 27106 | Swamp:3  | Noticed Mara
 27120 | Swamp:3  | Noticed HoaS's illusion
 27130 | Swamp:3  | You fall into a shaft and drop 1 floor!
 27130 | Swamp:4  | Entered Level 4 of the Swamp
 27453 | Swamp:4  | HP: 5/163 [tyrant leech (5)]
 27454 | Swamp:4  | HP: 1/163 [ghost crab] (4)]
 27454 | Swamp:4  | Slain by a spriggan rider

Illustrated notes

Levels and vault maps discovered:
D:1:      scummos_arrival_star, layout_loops_ring
D:2:      layout_basic
D:3:      layout_basic, vehumet_crystals, xom_redecorated
D:4:      layout_loops_ring, temple_doors_cd, small_statue_intersection
D:5:      layout_basic, nicolae_overflow_crystal_walls, serial_shops, shop
D:6:      layout_loops_ring, grunt_temple_overflow_open, lemuel_round_altar
D:7:      layout_basic, serial_curves, eino_curves_04, eino_curves_02,
          eino_curves_02, eino_curves_04
D:8:      layout_basic, fedhas_altar_3,
          chequers_temple_overflow_statue_of_worship, enter_bailey_2
D:9:      layout_rooms, lemuel_round_altar, serial_shops, kennysheep_mini,
          hangedman_abyss_or_decor_clamps, corexii_checkpoint_a,
          hangedman_abyss_or_decor_lesser_grid, grunt_decor_cap
D:10:     layout_basic, david_lair_shrubbed, special_room [special_room_bee],
          minmay_guarded_unrand_staff_of_olgreb
D:11:     evilmike_library_of_no_secrets, layout_loops_ring,
          gammafunk_ghost_spectres, uniq_harold, uniq_erica, uniq_maurice,
          uniq_erolcha
D:12:     layout_cave_pools, zombieorc2_lemuel
D:13:     layout_loops_corners, david_vaults_5, uniq_frances, uniq_nessos
D:14:     minmay_the_grid_octo_triangle [minmay_the_grid_octo_clover,
          minmay_the_grid_octo_prize_star, minmay_the_grid_octo_chip],
          layout_grid_maze
D:15:     grunt_enter_depths_magical_seal, layout_basic
Temple:   jpeg_temple_island
Lair:1:   layout_small_grid, beast_lair_carwin_4
Lair:2:   layout_gridlike, spider_nest_entry_funnel_web, lemuel_fruit_fields
Lair:3:   layout_loops_ring
Lair:4:   layout_roguey, swamp_mist_pool, maelrawn_ghost_gauntlet_escape
Lair:5:   lemuel_reptile_caves, layout_regular_city, ldierk_geyser,
          nicolae_lair_grove_arrangements
Lair:6:   cheibrodos_lair_end_hotspot, layout_regular_city,
          minmay_slime_entry_jelly_boxes
Swamp:1:  layout_basic_swamp, evilmike_swamp_ruin_house_3, swamp_pool1,
          worms_lemuel, infiniplex_staircase_pool
Swamp:2:  layout_falls_marsh, evilmike_swamp_ruin_house_2
Swamp:3:  layout_basic_swamp, nicolae_swamp_rocky_clearing,
          infiniplex_staircase_pool_2, uniq_mara
Swamp:4:  swamp, layout_basic_swamp, swamp_pool1
Orc:1:    layout_caves
Orc:2:    st_orc_rangers, layout_diamond_mine

Skill      XL: |  1  2  3  4  5  6  7  8  9 10 11 12 13 14 15 16 17 18 19 |
---------------+----------------------------------------------------------+-----
Shields        | 4 5 6 8 9 10 11 12 13 | 13.0
Staves         | 3 4 6 7 8 11 13 14 15 16 17 | 17.4
Fighting       | 10 14 15 16 17 18 | 18.0
Armour         | 7 10 14 15 16 17 18 | 18.0

Action                   |  1- 3 |  4- 6 |  7- 9 | 10-12 | 13-15 | 16-18 | 19-21 || total
-------------------------+-------+-------+-------+-------+-------+-------+-------++-------
Melee: Quarterstaff      |    79 |   188 |   409 |   916 |   950 |    17 |    13 ||  2572
       Lajatang          |       |       |       |       |   625 |   386 |   177 ||  1188
Invok: Lesser Servant of |       |       |       |     1 |       |       |       ||     1
 Abil: Dig               |       |       |     2 |     8 |    13 |     6 |       ||    29
       Stop Flying       |       |       |       |       |       |     1 |       ||     1
       Shaft Self        |       |       |       |       |       |       |     1 ||     1
Evoke: Wand              |       |       |       |     1 |       |     3 |       ||     4
  Use: Scroll            |     9 |     7 |     6 |     7 |    13 |     5 |     2 ||    49
       Potion            |       |       |     2 |       |     1 |     3 |     3 ||     9
Armor: Scale mail        |     3 |       |       |       |       |       |       ||     3
       Chain mail        |    34 |    68 |    90 |       |       |       |       ||   192
       Plate armour      |       |       |    67 |   223 |   410 |   156 |    97 ||   953
Dodge: Dodged            |    17 |    33 |    90 |    98 |   175 |    64 |    89 ||   566
Block: Kite shield       |    54 |    81 |   209 |   505 |   869 |   274 |   191 ||  2183
       Reflection        |       |       |       |       |    75 |    39 |     6 ||   120

Table legend: (Time is in decaauts)
 A = Elapsed time spent in this place.
 B = Non-inter-level travel time spent in this place.
 C = Inter-level travel time spent in this place.
 D = Time resting spent in this place.
 E = Time spent auto-exploring this place.
 F = Levels seen in this place.
 G = Mean time per level.
                   A        B        C        D        E       F      G
               +--------+--------+--------+--------+--------+-----+--------+
         Total |  26230 |  24416 |   1814 |   3602 |  14369 |  29 |  904.5 |
       Dungeon |  13727 |  12794 |    933 |   1992 |   7937 |  15 |  915.1 |
        Temple |    283 |    283 |      0 |      0 |    253 |   1 |  283.0 |
          Lair |   6616 |   5961 |    655 |    625 |   3707 |   6 | 1102.7 |
         Swamp |   2147 |   2133 |     14 |    488 |   1232 |   4 |  536.8 |
  Orcish Mines |   1515 |   1305 |    210 |      0 |    971 |   2 |  757.5 |
        Bailey |   1941 |   1941 |      0 |    497 |    267 |   1 | 1941.0 |
               +--------+--------+--------+--------+--------+-----+--------+

Top non-repeatable levels by time:
  Bailey: 1941 daAuts
  Lair:6: 1760 daAuts
    D:10: 1640 daAuts
    D:14: 1246 daAuts
  Lair:3: 1104 daAuts
     D:7: 1097 daAuts
   Orc:2: 1093 daAuts
     D:8: 1066 daAuts
  Lair:5: 1026 daAuts
    D:11: 1018 daAuts
  Lair:4: 939 daAuts
    D:15: 926 daAuts
  Lair:2: 900 daAuts
     D:5: 900 daAuts
  Lair:1: 885 daAuts
